 Dungeon Crawl Stone Soup version 0.30-a0-424-g7412bad402 (webtiles) character file.

Game seed: 18185408203298115623

193 Zonian the Magician (level 6, -4/40 HPs)
             Began as a Djinni Ice Elementalist on Dec 10, 2022.
             Slain by Edmund
             ... wielding a +4 vorpal flail
              (14 damage)
             ... on level 4 of the Dungeon.
             The game lasted 00:08:50 (4246 turns).

Zonian the Magician (Djinni Ice Elementalist)       Turns: 4246, Time: 00:08:51

Health: -4/40      AC:  8    Str: 13    XL:     6   Next: 3%
Gold:   170        EV: 12    Int: 18    God:
                   SH:  0    Dex: 14

rFire   + + .      SeeInvis .    u - +2 sling (drain)
rCold   x . .      Faith    .    (no shield)
rNeg    . . .      Spirit   .    a - +0 robe
rPois   ∞          Reflect  .    s - +2 helmet
rElec   .          Harm     .    c - +2 cloak {rCorr}
rCorr   +          Rampage  .    (no gloves)
Will    .....                    (boots unavailable)
Stlth   ++........               (no amulet)
HPRegen 0.26/turn                g - +6 ring of strength
MPRegen 0.00/turn                (no ring)

@: about to teleport, flying
A: sickness immunity, fire resistance 2, cold vulnerability 1, float, innate
caster, HP casting, extra vitality 1
a: no special abilities


You were on level 4 of the Dungeon.
You visited 1 branch of the dungeon, and saw 4 of its levels.

You collected 170 gold pieces.

Inventory:

Hand Weapons
 d - a +0 sling
 e - a +0 dagger of venom
 u - a +2 sling of draining (weapon)
Missiles
 l - 2 javelins
Armour
 a - a +0 robe (worn)
 c - a +2 cloak of preservation (worn)
 p - a +0 cloak
 s - a +2 helmet (worn)
Jewellery
 g - a +6 ring of strength (left hand)
Scrolls
 f - a scroll of silence
 i - a scroll of summoning
Potions
 b - 7 potions of curing
 h - 2 potions of flight
 j - a potion of ambrosia
 k - a potion of lignification
 n - a potion of invisibility
 q - a potion of haste {unknown}
 r - a potion of might {unknown}
 t - a potion of degeneration {unknown}
 v - a potion of berserk rage {unknown}


   Skills:
 - Level 2.1 Dodging
 - Level 1.5 Stealth
 + Level 5.3 Spellcasting


You had one spell level left.
You knew the following spells:

 Your Spells              Type           Power      Damage    Failure   Level
a - Freeze                Ice            96%        1d10      1%          1
b - Frozen Ramparts       Ice            48%        1d8       4%          3
c - Ozocubu's Armour      Ice            24%        N/A       4%          3
d - Summon Ice Beast      Ice/Summ       24%        N/A       14%         4
e - Foxfire               Conj/Fire      96%        2x1d8     1%          1
f - Poisonous Vapours     Pois/Air       48%        N/A       2%          2
Your spell library was empty.

Dungeon Overview and Level Annotations

Branches:
Dungeon (4/15)
 Temple: D:4-7

Altars:
Qazlal
Yredelemnul

Annotations:
D:3 2 transporters, innerfire433's ghost, amateur DsMo
D:4 Edmund


Innate Abilities, Weirdness & Mutations

You are immune to sickness and miasma.
You are immune to poison.
Your flesh is very heat resistant. (rF++)
You are vulnerable to cold. (rC-)
You float through the air rather than walking.
You learn spells naturally, not from books.
Your magical power is your life essence.
You have superior vitality. (+4 MHP)


Message History

Unknown command.
Your surroundings suddenly seem different.
The adder hisses angrily.
An adder is nearby!
Unknown command.
You can't see any susceptible monsters within range! (Use Z to cast anyway.)
You can't see any susceptible monsters within range! (Use Z to cast anyway.)
You can't see any susceptible monsters within range! (Use Z to cast anyway.) Unknown command.
Your +0 dagger of venom stops dripping with poison.
You sense an unholy aura.
u - a +2 sling of draining (weapon)
Unknown command.
You shoot a sling bullet.
The sling bullet closely misses the adder.
You shoot a sling bullet. The sling bullet hits the adder.
You drain the adder.
The adder is severely wounded.
Edmund the Younger comes into view.
He is wielding a +4 vorpal flail.
The adder bites you but does no damage.
You shoot a sling bullet.
The sling bullet barely misses the adder.
Edmund says, "People accused me of being a cutpurse!"
The adder bites you but does no damage.
You shoot a sling bullet.
The sling bullet barely misses the adder.
The adder bites you. x2
Unknown command.
As you read the scroll of teleportation, it crumbles to dust.
You feel strangely unstable.
The adder bites you but does no damage. x2
Unknown command.
The adder closely misses you. The adder barely misses you.
Edmund attacks as you move away! Edmund hits you with a +4 vorpal flail!
* * * LOW HITPOINT WARNING * * *
The adder attacks as you move away! The adder misses you.
Found a potion of lignification.
Unknown command.
The adder attacks as you move away! The adder misses you.
Edmund attacks as you move away! Edmund hits you with a +4 vorpal flail!
You die...

###..##.#.....).......#
............#####..##.#
####..#.#....# #..# .# #
#..#.###..####..##.##.
#...............#....
##...#.#..#####.#..#
#####..............#..##..#
.......##.##.#.#.@.........
######.##.# .#.#@S.#.###..#
#.##.# .#...###.# #.##.#
.#...! .. #.##.# #....##
.## #.##.. ##..## .# ####.#
.# ..# .# #....# .#. .#
#.#### .... #.#


You could see Edmund and an adder (very drained).

Vanquished Creatures
  Crazy Yiuf (D:3)
  A scorpion zombie (D:3)
  Robin (D:3)
  3 adders
  An adder zombie (D:3)
  A worm (D:4)
  3 dart slugs
  An orc (D:3)
  6 ball pythons
  6 endoplasms
  17 goblins
  13 hobgoblins
  8 jackals (D:2)
  3 kobolds
  A quokka (D:2)
  A ball python zombie (D:3)
  7 bats
  5 frilled lizards
  4 rats
  A bush (D:1)
84 creatures vanquished.

Vanquished Creatures (others)
  9 foxfires (D:3)
  A plant (D:2)
10 creatures vanquished.

Grand Total: 94 creatures vanquished

Notes
Turn   | Place    | Note
-------+----------+-------------------------------------------
     0 | D:1      | Zonian the Djinni Ice Elementalist began the quest for the
                  | Orb.
     0 | D:1      | Zonian set off with the following spells memorised: Freeze,
                  | Frozen Ramparts, Ozocubu's Armour, Summon Ice Beast.
     0 | D:1      | Reached XP level 1. HP: 15/15 MP: 0/0
    62 | D:1      | Reached XP level 2. HP: 12/21 MP: 0/0
   443 | D:1      | Reached XP level 3. HP: 25/25 MP: 0/0
   443 | D:1      | Learned a level 1 spell: Foxfire
   468 | D:1      | Reached skill level 4 in Spellcasting
  1232 | D:2      | Reached XP level 4. HP: 23/31 MP: 0/0
  1976 | D:2      | Found a faded altar of an unknown god.
  2109 | D:3      | Noticed Robin
  2188 | D:3      | Found a stormy altar of Qazlal.
  2415 | D:3      | Killed Robin
  2665 | D:3      | Reached XP level 5. HP: 35/35 MP: 0/0
  2665 | D:3      | Learned a level 2 spell: Poisonous Vapours
  2908 | D:3      | Found a transporter.
  2908 | D:3      | Noticed an ogre
  2909 | D:3      | Noticed innerfire433's ghost (amateur DsMo)
  2909 | D:3      | Noticed an ogre
  2914 | D:3      | Found a transporter.
  2945 | D:3      | Reached skill level 5 in Spellcasting
  3075 | D:3      | Found a basalt altar of Yredelemnul.
  3263 | D:3      | Found a runed translucent door.
  3264 | D:3      | Noticed Crazy Yiuf
  3413 | D:3      | Killed Crazy Yiuf
  4190 | D:4      | Reached XP level 6. HP: 38/40 MP: 0/0
  4239 | D:4      | Noticed Edmund
  4246 | D:4      | Slain by Edmund

Illustrated notes

Levels and vault maps discovered:
D:1:      tarquinn_simple_flora_water_c, layout_rooms, serial_forest,
          infiniplex_forest_clump_double, infiniplex_forest_clump_small,
          infiniplex_forest_corner_2, infiniplex_forest_straight_2,
          infiniplex_forest_lined_corner, infiniplex_forest_fountain,
          infiniplex_forest_end_3
D:2:      layout_rooms, dreamdust_ecumenical_altar_hidden_monk_grotto
D:3:      layout_loops_cross, nicolae_yredelemnul_corpse_copse,
          grunt_qazlal_sundering, gammafunk_ghost_smash,
          uniq_crazy_yiuf_cottage, uniq_robin
D:4:      layout_loops_ring, sigmund_army, uniq_edmund, uniq_eustachio

Skill      XL: |  1  2  3  4  5 |
---------------+----------------+-----
Spellcasting   | 4 5 |  5.3
Dodging        | |  2.1
Stealth        | |  1.5

Action                   |  1- 3 |  4- 6 || total
-------------------------+-------+-------++-------
Melee: Unarmed           |     4 |       ||     4
       Dagger            |    83 |    28 ||   111
       Punch             |     2 |     1 ||     3
 Fire: Sling             |    69 |   148 ||   217
 Cast: Freeze            |    20 |    13 ||    33
       Frozen Ramparts   |       |     1 ||     1
       Poisonous Vapours |       |     7 ||     7
       Foxfire           |       |     5 ||     5
  Use: Scroll            |       |    14 ||    14
Armor: Robe              |    12 |    51 ||    63
Dodge: Dodged            |    50 |   121 ||   171

Table legend: (Time is in decaauts)
 A = Elapsed time spent in this place.
 B = Non-inter-level travel time spent in this place.
 C = Inter-level travel time spent in this place.
 D = Time resting spent in this place.
 E = Time spent auto-exploring this place.
 F = Levels seen in this place.
 G = Mean time per level.
                   A        B        C        D        E       F      G
               +--------+--------+--------+--------+--------+-----+--------+
         Total |   4327 |   4210 |    117 |   1619 |   1714 |   4 | 1081.8 |
       Dungeon |   4327 |   4210 |    117 |   1619 |   1714 |   4 | 1081.8 |
               +--------+--------+--------+--------+--------+-----+--------+

Top non-repeatable levels by time:
     D:3: 1804 daAuts
     D:2: 1183 daAuts
     D:1: 996 daAuts
     D:4: 343 daAuts
